 Dungeon Crawl Stone Soup version 0.28-a0-909-g796cbd3a86 (webtiles) character file.

Game seed: 2272531547013692519

61 blank1 the Shield-Bearer (level 3, -7/33 HPs)
             Began as a Minotaur Fighter on Nov 24, 2021.
             Killed from afar by an orc wizard (8 damage)
             ... with a magic dart
             ... on level 2 of the Dungeon.
             The game lasted 00:01:32 (1059 turns).

blank1 the Shield-Bearer (Minotaur Fighter)         Turns: 1059, Time: 00:01:32

Health: -7/33      AC:  7    Str: 21    XL:     3   Next: 83%
Magic:  2/2        EV: 12    Int:  5    God:
Gold:   33         SH:  8    Dex:  9    Spells: 2/2 levels left

rFire   . . .      SeeInvis .   a - +0 flail
rCold   . . .      Faith    .   n - +0 kite shield
rNeg    . . .      Spirit   .   b - +0 scale mail
rPois   .          Reflect  .   (helmet restricted)
rElec   .          Harm     .   (no cloak)
rCorr   .          Rampage  .   (no gloves)
Will    .....                   (no boots)
Stlth   ..........              (no amulet)
HPRegen 0.11/turn               h - +4 ring of evasion
MPRegen 0.08/turn               (no ring)

@: no status effects
A: horns 2, retaliatory headbutt
a: no special abilities


You were on level 2 of the Dungeon.
You visited 1 branch of the dungeon, and saw 2 of its levels.

You collected 33 gold pieces.

Inventory:

Hand Weapons
 a - a +0 flail (weapon)
Armour
 b - a +0 scale mail (worn)
 n - a +0 kite shield (worn)
Jewellery
 h - a +4 ring of evasion (left hand)
Scrolls
 f - a scroll of identify {unknown}
 l - a scroll of blinking {unknown}
Potions
 d - a potion of might
 e - a potion of berserk rage {unknown}
 g - 2 potions of heal wounds {unknown}
 i - a potion of attraction {unknown}
 j - 3 potions of flight {unknown}
 k - a potion of haste {unknown}
 m - a potion of lignification {unknown}


   Skills:
 - Level 4.0 Fighting
 + Level 3.5 Maces & Flails
 - Level 4.0 Armour
 - Level 2.0 Dodging
 - Level 4.0 Shields


You had 2 spell levels left.
You didn't know any spells.
Your spell library contained the following spells:

 Spells                   Type           Power      Damage    Failure   Level
 Call Canine Familiar     Summ           0%         N/A       100%        3
 Portal Projectile        Hex/Tloc       0%         N/A       100%        3
 Leda's Liquefaction      Hex/Erth       0%         N/A       100%        4


Dungeon Overview and Level Annotations

Branches:
Dungeon (2/15)

Altars:

Shops:
D:2 :


Innate Abilities, Weirdness & Mutations

You have a pair of horns on your head.
You reflexively headbutt those who attack you in melee.


Message History

You closely miss something.
Something hits you but does no damage. x2
You miss something. Something hits you.
You barely miss something.
Something hits you but does no damage. x2
You barely miss something. Something hits you but does no damage.
You barely miss something.
You hear some strange, mumbled words.
A puff of flame appears from out of thin air!
The puff of flame hits you.
You hear some strange, mumbled words.
A puff of flame appears from out of thin air!
The puff of flame hits you.
You miss something. Your headbutt misses something.
Something hits you but does no damage.
You closely miss something.
Something hits you but does no damage. x2
You closely miss something. Something hits you.
You miss something. Something hits you.
You miss something. Something hits you.
* * * LOW HITPOINT WARNING * * *
You hear some strange, mumbled words.
A puff of flame appears from out of thin air!
The puff of flame hits you.
* * * LOW HITPOINT WARNING * * *
You closely miss something. Something hits you but does no damage.
You closely miss something. Your headbutt misses something. Something hits you.
* * * LOW HITPOINT WARNING * * *
Something hits you but does no damage.
You miss something. You block something's attack.
Unknown command.
You barely miss something. You block something's attack.
Your shield and scale mail prevent you from hitting something.
Your headbutt misses something. Something hits you.
* * * LOW HITPOINT WARNING * * *
You block something's attack.
You closely miss something. Something hits you but does no damage.
You closely miss something. Your headbutt misses something. Something hits you.
* * * LOW HITPOINT WARNING * * *
You hear some strange, mumbled words.
A magic dart appears from out of thin air!
The magic dart hits you!
You die...

#.....########
###.### .....#
##...## ......# ####
##.#.## #.. ##..#
#.# #.# ###{### .#
#..@).# # .#
###.#)#.# ##...#.#
.. # #..###.###...
.. # #..#.....# ###
.. .# #..#######.
..≈.≈#.##
#..≈≈≈≈≈≈≈.
.≈.≈..#.#
#..#######.
≈.≈...#.###..#.....#


There were no monsters in sight!

Vanquished Creatures
  Jessica (D:2)
  3 dart slugs (D:2)
  3 orcs (D:2)
  An endoplasm (D:1)
  A giant cockroach (D:2)
  A hobgoblin (D:1)
  2 jackals (D:1)
  2 ball pythons
  A bat (D:1)
  3 frilled lizards
  5 goblins (D:1)
  A kobold (D:2)
  4 rats
28 creatures vanquished.

Notes
Turn   | Place    | Note
-------+----------+-------------------------------------------
     0 | D:1      | blank1 the Minotaur Fighter began the quest for the Orb.
     0 | D:1      | Reached XP level 1. HP: 19/19 MP: 0/0
   299 | D:1      | Reached XP level 2. HP: 25/27 MP: 1/1
   688 | D:2      | Found a faded altar of an unknown god.
   805 | D:2      | Noticed Jessica
   812 | D:2      | Killed Jessica
   813 | D:2      | Reached skill level 1 in Dodging
   813 | D:2      | Reached XP level 3. HP: 33/33 MP: 2/2
   852 | D:2      | Found Ohyrghis's Book Shoppe.
  1059 | D:2      | HP: 1/33 [something (1)]
  1059 | D:2      | Killed from afar by an orc wizard

Illustrated notes

Levels and vault maps discovered:
D:1:      dpeg_arrival_pits, layout_loops_ring
D:2:      layout_loops_ring, shapermc_ecumenical_altar_starsandcircs,
          serial_shops, nicolae_shop_hallway_stairs, grunt_decor_cap,
          chequers_arboretum, hangedman_decor_lopped, uniq_jessica

Skill      XL: |  1  2  3 |
---------------+----------+-----
Fighting       | 4 |  4.0
Maces & Flails | 3 |  3.5
Armour         | 4 |  4.0
Dodging        | 1 2 |  2.0
Shields        | 4 |  4.0

Action                   || total
-------------------------++-------
Melee: Flail             ||    75
       Headbutt          ||     8
Armor: Scale mail        ||    25
Dodge: Dodged            ||    29
Block: Buckler           ||     7
       Kite shield       ||     6

Table legend: (Time is in decaauts)
 A = Elapsed time spent in this place.
 B = Non-inter-level travel time spent in this place.
 C = Inter-level travel time spent in this place.
 D = Time resting spent in this place.
 E = Time spent auto-exploring this place.
 F = Levels seen in this place.
 G = Mean time per level.
                   A        B        C        D        E       F      G
               +--------+--------+--------+--------+--------+-----+--------+
         Total |   1083 |   1063 |     20 |      0 |    848 |   2 |  541.5 |
       Dungeon |   1083 |   1063 |     20 |      0 |    848 |   2 |  541.5 |
               +--------+--------+--------+--------+--------+-----+--------+

Top non-repeatable levels by time:
     D:1: 677 daAuts
     D:2: 405 daAuts
